Map: [ESL] Stargazers

Players

uThermal - Winner!

  • Race: Terran Terran
  • Spawn Location: 1:00

Scarlett

  • Race: Zerg Zerg
  • Spawn Location: 11:00

Event: DreamHack SC2 Masters 2022 Valencia

VOD

Have the link to the VOD?

Description

Time

  • Played on: July 1, 2022, 10:36 a.m.
  • Length: 8:24

All games in this series

Show
View Real Time Build Order
Export as new Build Order

uThermal Terran - Winner!

Build Orders:  

Get SALT Encoding   

  12  0:00  SCV  
  13  0:12  SCV  
  14  0:17  Supply Depot  
  14  0:24  SCV  
  15  0:38  SCV  
  15  0:39  Barracks  
  16  0:43  Refinery  
  16  0:50  SCV  
  17  1:00  Barracks  
  17  1:03  SCV  
  18  1:15  SCV  
  19  1:26  Reaper  
  19  1:27  Orbital Command  
  20  1:34  Barracks  
  20  1:40  Refinery  
  20  1:47  Reaper  
  21  1:50  Supply Depot  
  21  1:54  SCV  
  22  2:02  Reaper  
  23  2:12  SCV  
  23  2:14  Supply Depot  
  24  2:19  Reaper  
  25  2:24  SCV, Reaper  
  27  2:34  Reaper  
  27  2:36  SCV  
  29  2:46  Command Center  
  29  2:51  Reaper  
  30  2:52  SCV  
  31  3:04  SCV  
  32  3:06  Reaper  
  32  3:08  Reaper  
  34  3:16  SCV  
  35  3:24  Factory  
  35  3:26  Barracks Tech Lab  
  35  3:28  SCV  
  36  3:38  Reaper  
  37  3:41  SCV  
  37  3:44  Reaper  
  39  3:53  Supply Depot  
  39  3:58  SCV  
  39  4:02  SCV  
  41  4:15  Orbital Command  
  41  4:16  SCV  
  39  4:17  Marine, Stimpack  
  39  4:18  Marine x2  
  36  4:25  Bunker  
  36  4:26  Factory Reactor, Starport  
  36  4:28  SCV  
  37  4:35  Marine x2  
  37  4:36  Marine  
  40  4:40  SCV  
  40  4:41  SCV  
  42  4:52  SCV  
  43  4:53  SCV, Marine  
  43  4:55  Command Center  
  43  4:56  Marine  
  43  4:58  Marine  
  47  5:04  SCV  
  48  5:10  SCV  
  48  5:11  Medivac, Marine  
  48  5:12  Medivac  
  48  5:13  Marine  
  55  5:16  SCV, Marine  
  57  5:22  SCV, Supply Depot  
  58  5:29  Engineering Bay, Marine  
  58  5:31  Engineering Bay  
  58  5:32  Refinery x2, Marine  
  58  5:33  SCV  
  61  5:39  Marine  
  61  5:40  SCV  
  61  5:44  Supply Depot  
  61  5:45  SCV  
  61  5:46  Factory Reactor  
  61  5:49  Barracks Reactor  
  62  5:52  SCV  
  62  5:56  Starport Reactor  
  63  5:57  SCV  
  63  5:59  Combat Shield  
  63  6:01  Barracks  
  63  6:02  Barracks  
  64  6:04  SCV  
  64  6:05  Marine  
  64  6:08  Marine  
  64  6:10  SCV  
  68  6:11  SCV  
  70  6:20  Terran Infantry Armor Level 1, Terran Infantry Weapons Level 1  
  70  6:22  Marine  
  70  6:26  Marine x2  
  70  6:27  Widow Mine x2  
  70  6:28  SCV  
  70  6:31  Orbital Command, SCV  
  77  6:34  Marine  
  77  6:38  Marine  
  79  6:40  SCV, Medivac  
  79  6:41  Medivac  
  79  6:45  SCV  
  79  6:46  Marine x2  
  87  6:48  Supply Depot  
  87  6:49  Marine  
  87  6:51  Widow Mine  
  87  6:52  Barracks Reactor  
  87  6:53  Barracks Reactor  
  90  6:54  SCV  
  90  6:56  SCV  
  90  6:57  SCV  
  93  7:09  Supply Depot x2  
  93  7:10  SCV x2, Marine x3  
  93  7:13  Widow Mine  
  100  7:17  Supply Depot  
  100  7:18  SCV  
  101  7:23  Armory  
  101  7:30  Medivac, SCV x2, Marine x4  
  101  7:31  SCV  
  101  7:34  Supply Depot  
  108  7:37  Marine  
  108  7:38  Marine, Medivac  
  108  7:41  Marine  
  108  7:43  Marine x2, Widow Mine  
  117  7:48  SCV, Marine x4  
  119  7:55  SCV, Marine  
  118  7:59  Marine x2  
  118  8:00  SCV  
  118  8:01  SCV, Marine x2  
  123  8:06  Supply Depot  
  123  8:09  Factory  
Show
View Real Time Build Order
Export as new Build Order

Scarlett Zerg 

Build Orders: Hatch First 

Get SALT Encoding   

  12  0:00  Drone  
  13  0:12  Overlord  
  13  0:16  Drone  
  14  0:30  Drone x2  
  16  0:47  Hatchery  
  15  0:50  Drone  
  15  0:54  Drone  
  17  0:57  Drone  
  18  1:09  Extractor  
  17  1:12  Spawning Pool  
  17  1:15  Drone  
  18  1:18  Drone  
  18  1:28  Drone  
  19  1:38  Drone  
  20  1:49  Drone  
  21  1:59  Queen x2  
  21  2:01  Drone x2  
  27  2:06  Spine Crawler  
  26  2:09  Zergling x2  
  26  2:10  Zergling x2  
  28  2:21  Overlord  
  28  2:26  Spore Crawler  
  27  2:33  Spore Crawler  
  26  2:40  Overlord, Queen x2  
  32  2:44  Drone x3  
  32  2:48  Metabolic Boost  
  32  2:50  Drone  
  36  3:01  Zergling x4  
  37  3:13  Drone, Overlord  
  37  3:14  Drone x4  
  42  3:27  Zergling x2  
  42  3:34  Zergling x2  
  44  3:38  Zergling x2  
  44  3:39  Queen x2, Zergling x2  
  47  3:49  Zergling x8  
  48  3:57  Zergling x6  
  48  4:02  Zergling x4  
  47  4:13  Drone  
  46  4:19  Hatchery  
  46  4:22  Drone x3  
  47  4:27  Baneling Nest  
  47  4:29  Drone  
  47  4:33  Drone  
  47  4:36  Overlord  
  48  4:43  Overlord  
  48  4:45  Zergling x4  
  50  4:53  Drone x2  
  50  4:54  Overlord  
  50  4:55  Drone  
  50  4:58  Drone  
  54  5:00  Drone  
  54  5:01  Drone  
  56  5:10  Drone x2  
  56  5:12  Lair  
  58  5:17  Extractor  
  58  5:20  Extractor  
  56  5:23  Drone x6  
  56  5:27  Drone  
  56  5:28  Drone  
  64  5:31  Drone x2  
  66  5:39  Drone x2  
  66  5:42  Drone x2  
  70  5:44  Queen  
  72  5:52  Evolution Chamber x2  
  72  5:54  Drone x3  
  73  6:00  Drone  
  73  6:01  Queen  
  73  6:02  Drone x2, Overlord  
  78  6:12  Zergling x8  
  78  6:15  Overlord  
  73  6:21  Spire  
  68  6:35  Drone  
  68  6:37  Drone x3  
  72  6:40  Drone x5  
  77  6:50  Drone, Overlord  
  77  6:51  Drone x4  
  82  6:55  Drone x3  
  82  6:59  Centrifugal Hooks  
  85  7:02  Overlord  
  85  7:06  Overlord  
  85  7:12  Overlord  
  85  7:13  Extractor  
  85  7:14  Extractor  
  85  7:15  Drone x5  
  88  7:18  Drone x2  
  88  7:19  Extractor  
  89  7:25  Queen  
  89  7:26  Overlord x2  
  88  7:38  Zergling x8  
  88  7:43  Zergling x6  
  95  7:44  Overseer  
  86  7:53  Zergling x6  
  98  8:11  Drone x3  

Tags
 
Add a new tag
Caveats
  • Supply blocks, unpowered buildings, or Contaminate may cause inaccurate times.
  • Supply counts are checked every 10 seconds.